 Dungeon Crawl Stone Soup version 0.25.0-9-g26727b657a (webtiles) character file.

Game seed: 12277531330555177379

44109 HoaS the Warrior (level 14, -21/98 HPs)
             Began as a Gargoyle Gladiator on June 19, 2020.
             Was the Champion of Makhleb.
             Killed from afar by an ice dragon (53 damage)
             ... with a blast of cold
             ... on level 6 of the Lair of Beasts.
             The game lasted 00:54:38 (16534 turns).

HoaS the Warrior (Gargoyle Gladiator)              Turns: 16534, Time: 00:54:39

Health: -21/98     AC: 32    Str: 27    XL:     14   Next: 27%
Magic:  21/21      EV:  8    Int:  9    God:    Makhleb [******]
Gold:   1227       SH:  5    Dex: 17    Spells: 7/13 levels left

rFire    + . .     SeeInvis +   G - +3 quarterstaff of Ziafejut {venom, Str+4} (curse)
rCold    . . .     Gourm    .   (shield currently unavailable)
rNeg     + . .     Faith    .   h - +3 plate armour {rF+}
rPois    ∞         Spirit   .   v - +2 helmet
rElec    +         Reflect  +   (no cloak)
rCorr    .         Harm     .   I - +2 pair of gloves
MR       ++...                  A - +2 pair of boots
Stlth    ..........             k - amulet of reflection
HPRegen  0.26/turn              z - +4 ring of slaying
MPRegen  0.17/turn              i - ring "Mucvob" {MR+ Dex+6 SInv}

@: flying
A: big wings, negative energy resistance 1, electricity resistance, unbreathing,
petrification resistance, rot immunity, AC +10
a: Stop Flying, Minor Destruction, Lesser Servant of Makhleb, Major Destruction,
Greater Servant of Makhleb, Renounce Religion


You were on level 6 of the Lair of Beasts.
You worshipped Makhleb.
Makhleb was exalted by your worship.
You were not hungry.

You visited 3 branches of the dungeon, and saw 19 of its levels.
You also visited: Sewer and Volcano.

You collected 1227 gold pieces.

Inventory:

Hand Weapons
 G - the cursed +3 quarterstaff of Ziafejut (weapon) {venom, Str+4}
   (You found it on level 5 of the Lair of Beasts)

   It poisons the flesh of those it strikes.
   It affects your strength (+4).
   It has a curse placed upon it.
Missiles
 l - 9 javelins
 r - 35 boomerangs
 u - 5 curare-tipped darts
 y - 38 poisoned darts (quivered)
Armour
 h - a +3 plate armour of fire resistance (worn)
 v - a +2 helmet (worn)
 A - a +2 pair of boots (worn)
 I - a +2 pair of gloves (worn)
Magical Staves
 w - an uncursed staff of earth
Jewellery
 i - the ring "Mucvob" (right hand) {MR+ Dex+6 SInv}
   (You found it on level 4 of the Lair of Beasts)

   [ring of dexterity]

   It affects your dexterity (+6).
   It affects your resistance to hostile enchantments.
   It lets you see invisible.
 k - an amulet of reflection (around neck)
 q - an uncursed amulet of faith
 z - a +4 ring of slaying (left hand)
 H - an uncursed ring of fire
Wands
 b - a wand of paralysis (20)
 d - a wand of iceblast (9)
 t - a wand of acid (11)
 F - a wand of polymorph (21)
Scrolls
 c - 4 scrolls of fog
 p - 11 scrolls of teleportation
 s - 5 scrolls of remove curse
 x - 3 scrolls of identify
Potions
 a - 2 potions of stabbing
 e - 3 potions of lignification
 j - 5 potions of curing
 m - a potion of berserk rage {unknown}
 C - 2 potions of resistance
 E - a potion of cancellation {unknown}
 J - a potion of ambrosia {unknown}
Comestibles
 f - 34 rations
 n - 8 chunks of flesh


   Skills:
 + Level 15.6 Fighting
 - Level 14.0 Staves
 - Level 1.7 Throwing
 - Level 0.1 Armour
 - Level 2.4 Dodging
 + Level 10.3 Earth Magic
 * Level 9.6 Evocations


You had 7 spell levels left.
You knew the following spells:

 Your Spells              Type           Power        Failure   Level  Hunger
a - Iron Shot             Conj/Erth      #.........   100%        6    #######

Your spell library contained the following spells:

 Spells                   Type           Power        Failure   Level  Hunger
 Animate Skeleton         Necr           N/A          100%        1    ##.....
 Apportation              Tloc           #.....       100%        1    ##.....
 Corona                   Hex            #......      100%        1    ##.....
 Foxfire                  Conj/Fire      #...         100%        1    ##.....
 Freeze                   Ice            #...         100%        1    ##.....
 Magic Dart               Conj           #...         100%        1    ##.....
 Pain                     Necr           #...         100%        1    ##.....
 Summon Butterflies       Summ           #.......     100%        1    ##.....
 Slow                     Hex            #.......     100%        2    ###....
 Call Canine Familiar     Summ           #.......     100%        3    ####...
 Conjure Flame            Conj/Fire      #.......     100%        3    ####...
 Inner Flame              Hex/Fire       #.......     100%        3    ####...
 Lesser Beckoning         Tloc           #.........   100%        3    ####...
 Portal Projectile        Hex/Tloc       #.....       100%        3    ####...
 Tukima's Dance           Hex            #.......     100%        3    ####...
 Cause Fear               Hex            #.........   100%        4    #####..
 Leda's Liquefaction      Hex/Erth       #.........   100%        4    #####..
 Sticky Flame             Conj/Fire      #.......     100%        4    #####..
 Summon Ice Beast         Ice/Summ       #.......     100%        4    #####..
 Alistair's Intoxication  Tmut/Pois      #.......     100%        5    ######.
 Bolt of Magma            Conj/Fire/Erth #.........   100%        5    ######.
 Fireball                 Conj/Fire      #.........   100%        5    ######.
 Iskenderun's Battlesphe  Conj/Chrm      #.......     100%        5    ######.
 Summon Mana Viper        Hex/Summ       #.......     100%        5    ######.
 Invisibility             Hex            #.......     100%        6    #######
 Orb of Destruction       Conj           #.........   100%        7    #######
 Spellforged Servitor     Conj/Summ      #.........   100%        7    #######
 Summon Hydra             Summ           #.........   100%        7    #######


Dungeon Overview and Level Annotations

Branches:
Dungeon (12/15)            Temple (1/1) D:6            Lair (6/6) D:11
 Shoals (0/4) Lair:3        Snake (0/4) Lair:4        Slime (0/5) Lair:5
    Orc (0/2) D:9           Sewer (visited)         Volcano (visited)

Altars:
Ashenzari
Cheibriados
Dithmenos
Elyvilon
Fedhas
Gozag
Hepliaklqana
Kikubaaqudgha
Makhleb
Nemelex Xobeh
Okawaru
Qazlal
Ru
Sif Muna
Trog
Uskayaw
Vehumet
Wu Jian
Xom
Yredelemnul
Zin
The Shining One
Beogh
Jiyva

Annotations:
Lair:1 2 transporters, Dominolapin's ghost, novice FeWz
Lair:4 exclusion: 4 oklob plants


Innate Abilities, Weirdness & Mutations

You are resistant to torment.
Your stone body is resilient. (AC +10)
You are immune to poison.
Your large and strong wings let you fly indefinitely.
You resist negative energy. (rN+)
You are resistant to electric shocks. (rElec)
You can survive without breathing.
You are immune to petrification.
You are immune to rotting.


Message History

You are too injured to fight recklessly!
You are too injured to fight recklessly!
You are too injured to fight recklessly!
You feel much better.
You are engulfed in freezing vapours.
The white imp lashes its tail.
The ice dragon bites you but does no damage.
The ice dragon claws you.
The ice dragon tramples you but does no damage.
You hit the ice dragon.
The ice dragon looks as sick as possible!
The ice dragon is moderately wounded.
You are engulfed in freezing vapours.
You hit the ice dragon.
The ice dragon looks as sick as possible!
The ice dragon is moderately wounded.
You are engulfed in freezing vapours.
The ice dragon breathes frost at you. The blast of cold hits you!!!
Ouch! That really hurt!
You die...

.....≈≈#≈≈≈≈..≈≈≈≈≈#..#....#
....≈≈####≈≈≈≈≈≈≈≈≈#.......#
....≈≈**,####≈≈≈≈≈...≈≈..PP#
###..≈≈*,,#######≈..≈≈≈...P#
*,...,≈*,,*..<#*#≈.≈≈≈.#...#
,*,**,≈*,,,,#..#≈≈≈≈≈....#.#
*,,*,≈≈**≈,,#≈5≈#≈≈≈....##.#
,,*,,≈≈≈*****##D#≈≈≈≈.#....#
,,,,≈≈≈≈≈#####≈≈@.#≈≈.####.#
,,,≈≈≈≈≈≈≈...≈≈≈≈..≈≈...##.#
,,,,≈≈≈≈≈....≈≈≈##°≈..####.#
,,,,≈≈≈,..⌠..≈≈≈≈≈≈...# #..#
*,*,,,,,.......≈≈≈.######..#
*,,,,,,*.#....≈...#....#...#
,,,,,,,,........)..........#
,,*,,*,*##..#.##.#...#..#.##
,*,***** #.###*############


You could see an ice dragon (extremely poisoned, catching breath) and a white
imp.

Vanquished Creatures
  A fire dragon (Volcano)
  Harold (D:10)
  The ghost of Skimidon the Severer, a journeyman HOFi of Okawaru (D:10)
  4 hydras
  The ghost of HoaS the Cruncher, a journeyman GrGl of Makhleb (D:11)
  3 two-headed ogres
  An alligator (Lair:6)
  A hell hog (Volcano)
  An unseen horror (D:11)
  5 elephants (Lair:2)
  2 spectral centaurs (D:11)
  A centaur zombie (D:11)
  4 black mambas
  A molten gargoyle (Volcano)
  11 spiny frogs
  7 komodo dragons
  2 rime drakes (Lair:4)
  2 trolls
  A merfolk (D:11)
  A hornet (D:8)
  3 polar bears
  18 blink frogs
  5 dream sheep (Lair:5)
  9 hippogriffs
  A spectral meliai (D:11)
  21 yaks
  2 wyverns
  A centaur simulacrum (D:11)
  3 steam dragons
  10 fire bats (Volcano)
  A human (D:11)
  2 basilisks
  Grum (D:8)
  2 wargs (D:11)
  Edmund (D:4)
  A hell hound (Volcano)
  10 water moccasins
  8 porcupines
  8 orc warriors
  3 ice beasts
  2 sky beasts
  A phantom (D:5)
  A black bear (D:11)
  10 ogres
  17 wolves
  3 centaurs
  16 crocodiles
  A big kobold (D:10)
  14 bullfrogs
  4 scorpions
  A water moccasin skeleton (D:10)
  10 wights
  6 killer bees (D:9)
  2 vampire bats (Lair:5)
  2 howler monkeys
  4 electric eels
  2 spectral bullfrogs (D:11)
  7 lava snakes
  2 bullfrog zombies
  11 crimson imps
  5 jellies
  A centaur skeleton (D:7)
  2 bullfrog skeletons
  9 orc priests
  10 hounds
  4 iguanas
  8 worker ants
  9 orc wizards
  3 hound skeletons
  15 adders
  A white imp (Lair:6)
  2 oozes (D:4)
  3 adder zombies
  2 adder skeletons
  6 worms
  2 dart slugs
  14 leopard geckos
  52 orcs
  12 bats
  9 giant cockroaches
  5 goblins
  5 hobgoblins
  7 jackals
  10 kobolds
  9 quokkas
  2 ball pythons
  12 frilled lizards
  A leopard gecko skeleton (D:5)
  A leopard gecko zombie (D:5)
  A quokka skeleton (D:7)
  6 rats
505 creatures vanquished.

Vanquished Creatures (others)
  A white imp (Lair:6)
  2 orcs (D:11)
  2 fungi
  4 plants
9 creatures vanquished.

Grand Total: 514 creatures vanquished

Notes
Turn   | Place    | Note
-------+----------+-------------------------------------------
     0 | D:1      | HoaS the Gargoyle Gladiator began the quest for the Orb.
     0 | D:1      | Reached XP level 1. HP: 12/12 MP: 1/1
   199 | D:1      | Reached XP level 2. HP: 18/18 MP: 2/2
   459 | D:1      | Reached XP level 3. HP: 16/22 MP: 3/3
   913 | D:2      | Reached skill level 3 in Fighting
   956 | D:2      | Reached XP level 4. HP: 27/28 MP: 4/4
  1845 | D:3      | Found a glowing golden altar of the Shining One.
  2012 | D:3      | Reached XP level 5. HP: 32/32 MP: 5/5
  2100 | D:4      | Reached skill level 5 in Staves
  2155 | D:4      | Reached skill level 4 in Fighting
  2183 | D:4      | Reached XP level 6. HP: 30/38 MP: 3/6
  2230 | D:4      | Noticed Edmund
  2257 | D:4      | Killed Edmund
  2538 | D:4      | Reached XP level 7. HP: 44/44 MP: 7/7
  2907 | D:4      | Reached skill level 5 in Fighting
  3461 | D:5      | Entered Level 5 of the Dungeon
  3655 | D:5      | Found a glowing drain.
  3677 | Sewer    | Entered a sewer
  3997 | Sewer    | Reached XP level 8. HP: 43/51 MP: 4/8
  4367 | D:5      | Found a shimmering altar of Xom.
  4397 | D:5      | Reached skill level 6 in Fighting
  5176 | D:6      | Found a shadowy altar of Dithmenos.
  5620 | D:6      | Reached skill level 7 in Fighting
  5792 | D:6      | Reached XP level 9. HP: 57/57 MP: 9/9
  5978 | D:6      | Reached skill level 10 in Staves
  6202 | D:6      | Found a staircase to the Ecumenical Temple.
  6210 | Temple   | Entered the Ecumenical Temple
  6325 | Temple   | Became a worshipper of Makhleb the Destroyer
  6564 | D:7      | Reached skill level 8 in Fighting
  7224 | D:8      | Reached * piety under Makhleb
  7433 | D:8      | Identified An Introduction to Wizardry
  7538 | D:8      | Reached skill level 9 in Fighting
  7538 | D:8      | Reached XP level 10. HP: 65/66 MP: 10/10
  7540 | D:8      | Noticed Grum
  7550 | D:8      | Killed Grum
  7799 | D:9      | Noticed a two-headed ogre
  7960 | D:9      | Killed a two-headed ogre
  8060 | D:9      | Reached ** piety under Makhleb
  8212 | D:9      | Reached skill level 10 in Fighting
  8554 | D:9      | Found a roughly hewn altar of Beogh.
  8554 | D:9      | Found a staircase to the Orcish Mines.
  8653 | D:9      | Reached XP level 11. HP: 73/73 MP: 11/11
  8854 | D:10     | Entered Level 10 of the Dungeon
  8860 | D:10     | Noticed a two-headed ogre
  8878 | D:9      | Killed a two-headed ogre
  8938 | D:10     | Reached *** piety under Makhleb
  9054 | D:10     | Found a runed translucent door.
  9056 | D:10     | Noticed Skimidon's ghost (journeyman HOFi)
  9226 | D:11     | Noticed Harold
  9226 | D:11     | Noticed a six-headed hydra
  9242 | D:10     | Killed a six-headed hydra
  9242 | D:10     | Reached skill level 11 in Fighting
  9392 | D:10     | Killed Harold
  9493 | D:11     | Noticed a two-headed ogre
  9507 | D:11     | Killed a two-headed ogre
  9507 | D:11     | Reached skill level 12 in Fighting
  9681 | D:11     | Noticed an eight-headed hydra
  9716 | D:11     | Killed an eight-headed hydra
  9796 | D:11     | Found a staircase to the Lair.
  9818 | D:11     | Reached skill level 13 in Fighting
  9941 | D:11     | Reached **** piety under Makhleb
  9983 | D:11     | Reached XP level 12. HP: 84/84 MP: 12/12
 10161 | D:11     | Found an opulent altar of Gozag.
 10549 | D:11     | Found a runed translucent gate.
 10550 | D:11     | Found a runed translucent gate.
 10550 | D:11     | Found a runed translucent gate.
 10552 | D:11     | Noticed HoaS's ghost (journeyman GrGl)
 10703 | D:12     | Reached skill level 14 in Fighting
 10719 | D:11     | Learned a level 6 spell: Iron Shot
 10807 | D:10     | Killed Skimidon's ghost
 10807 | D:10     | Reached skill level 1 in Earth Magic
 10807 | D:10     | Reached skill level 1 in Evocations
 10899 | D:11     | Killed HoaS's ghost
 10974 | Lair:1   | Entered Level 1 of the Lair of Beasts
 11271 | Lair:1   | Found a transporter.
 11279 | Lair:1   | Found a transporter.
 11279 | Lair:1   | Identified the +6 trident of Greed {distort, +Rage rPois
                  | Dex+3}
 11279 | Lair:1   | Noticed a spriggan rider
 11280 | Lair:1   | Noticed Dominolapin's ghost (novice FeWz)
 11645 | Lair:1   | You fall into a shaft and drop 1 floor!
 11656 | Lair:2   | Noticed an eight-headed hydra
 11674 | Lair:2   | Killed an eight-headed hydra
 11674 | Lair:2   | Reached skill level 5 in Earth Magic
 12089 | Lair:1   | Found a bloodstained altar of Trog.
 12309 | Lair:2   | Reached skill level 5 in Evocations
 12479 | Lair:2   | Reached ***** piety under Makhleb
 12479 | Lair:2   | Reached XP level 13. HP: 91/91 MP: 16/16
 12579 | Lair:2   | You fall into a shaft and drop 2 floors!
 13693 | Lair:3   | Found a staircase to the Shoals.
 14336 | Lair:4   | Got a vibrating bone ring
 14337 | Lair:4   | Identified the ring "Mucvob" {MR+ Dex+6 SInv} (You found it
                  | on level 4 of the Lair of Beasts)
 14481 | Lair:4   | Found a staircase to the Snake Pit.
 14696 | Lair:4   | Reached skill level 15 in Fighting
 15177 | Lair:5   | Found a viscous altar of Jiyva.
 15178 | Lair:5   | Found a staircase to the Slime Pits.
 15402 | Lair:5   | Got a slimy quarterstaff
 15411 | Lair:5   | Identified the cursed +3 quarterstaff of Ziafejut {venom,
                  | Str+4} (You found it on level 5 of the Lair of Beasts)
 15698 | Lair:6   | Entered Level 6 of the Lair of Beasts
 15800 | Lair:6   | Found a dark tunnel.
 15820 | Lair:6   | Gained mutation: Your large and strong wings let you fly
                  | indefinitely. [Gargoyle growth]
 15820 | Lair:6   | Reached XP level 14. HP: 98/98 MP: 20/20
 15857 | Lair:6   | Reached skill level 10 in Earth Magic
 15887 | Volcano  | Entered a volcano
 15911 | Volcano  | Reached ****** piety under Makhleb
 16052 | Volcano  | Found a burning altar of Makhleb.
 16534 | Lair:6   | Killed from afar by an ice dragon

Illustrated notes

Levels and vault maps discovered:
D:1:      matt_arrival_grand_opening, layout_basic
D:2:      layout_basic, first_ration
D:3:      layout_loops_corners, tso_altar
D:4:      layout_layer_cave, minmay_misc_feat_chi, uniq_edmund
D:5:      layout_basic, cheibrodos_sewer_entry_bend, led_xom_imps
D:6:      layout_cave_pools, minmay_temple_entry_enclosed_plants,
          grunt_dithmenos_smoke
D:7:      layout_loops_ring
D:8:      layout_cave_pools, serial_bayou, serial_bayou_ford_a,
          serial_bayou_lake_a, serial_bayou_pond_d, serial_bayou_pond_a,
          uniq_grum
D:9:      layout_cave_pools, david_orc_5, kennysheep_generic_room_4
D:10:     layout_big_octagon, ebering_ghost_inner_flame
D:11:     layout_long_grid, erik_lair_orcish_takeover,
          gammafunk_ghost_necromancy, hangedman_stone_soup,
          grunt_gozag_breadcrumbs, uniq_harold
D:12:     minmay_dotted_concentric_squares, layout_gridville
Temple:   minmay_crystal_snake_temple
Lair:1:   beast_lair_carwin_large_3, layout_loops_ring,
          gammafunk_ghost_wrathful_warriors, grunt_megastairs_1
Lair:2:   layout_concentric_octagons
Lair:3:   layout_long_grid, elwin_shoals_entry_rocks, serial_bayou_pond_d,
          infiniplex_staircase_pool, grunt_megastairs_3, lemuel_fruit_fields
Lair:4:   layout_loops_ring, dummy_snake_entry, minmay_lair_oklob_chamber
Lair:5:   layout_regular_city, slime_altar_1, roderic_batcave
Lair:6:   grunt_lair_end_beastmaster, layout_loops_ring,
          nicolae_volcano_entry_lava_flow, bobbens_ice_dragon_lair,
          uniq_josephine

Skill      XL: |  1  2  3  4  5  6  7  8  9 10 11 12 13 14 |
---------------+-------------------------------------------+-----
Staves         | 4 5 6 7 9 11 13 14 | 14.0
Fighting       | 3 4 5 7 9 10 13 14 15 | 15.6
Earth Magic    | 6 9 10 | 10.3
Evocations     | 5 8 9 |  9.6
Throwing       | |  1.7
Armour         | |  0.1
Dodging        | |  2.4

Action                   |  1- 3 |  4- 6 |  7- 9 | 10-12 | 13-15 || total
-------------------------+-------+-------+-------+-------+-------++-------
Melee: Quarterstaff      |   103 |   144 |   508 |   767 |   591 ||  2113
Throw: Throwing net      |       |     1 |     2 |       |       ||     3
       Dart              |       |       |       |    12 |       ||    12
 Abil: Fly               |       |       |       |       |     1 ||     1
  Use: Scroll            |     2 |     8 |    12 |     9 |     6 ||    37
       Potion            |       |       |       |     4 |     1 ||     5
 Stab: Held in net/web   |       |       |     3 |       |       ||     3
  Eat: Chunk             |       |     5 |    17 |    17 |    13 ||    52
Armor: Leather armour    |    46 |     8 |       |       |       ||    54
       Ring mail         |       |    31 |   232 |    39 |       ||   302
       Chain mail        |       |    40 |       |       |       ||    40
       Plate armour      |       |       |       |   569 |   353 ||   922
Dodge: Dodged            |    95 |    61 |   204 |   206 |   122 ||   688
Block: Other             |       |       |    48 |   145 |   105 ||   298
       Reflection        |       |       |     3 |     5 |     1 ||     9
